 Dungeon Crawl Stone Soup version 0.23-a0-269-g65e0026 (webtiles) character file.

408 mandick the Skirmisher (level 6, 0/68 HPs)
             Began as an Ogre Fighter on Oct 1, 2018.
             Was an Initiate of Okawaru.
             Slain by a killer bee (9 damage)
             ... on level 5 of the Dungeon.
             The game lasted 00:09:45 (4468 turns).

mandick the Skirmisher (Ogre Fighter)               Turns: 4468, Time: 00:09:46

Health: 0/68       AC:  4    Str: 28    XL:     6   Next: 88%
Magic:  6/6        EV:  8    Int:  9    God:    Okawaru [......]
Gold:   253        SH:  9    Dex:  8    Spells: 5/5 levels left

rFire    . . .     SeeInvis .   a - +0 war axe
rCold    . . .     Gourm    .   c - +0 shield
rNeg     . . .     Faith    .   b - +0 robe
rPois    .         Spirit   .   (helmet restricted)
rElec    .         Reflect  .   i - +0 cloak
rCorr    .         Harm     .   (gloves unavailable)
MR       .....                  (boots unavailable)
Stlth    +.........             (no amulet)
HPRegen  0.21/turn              (no ring)
MPRegen  0.10/turn              (no ring)

@: mighty, lethally poisoned (0 -> -3), drained
A: large, unfitting armour, tough skin 1
a: Renounce Religion


You were on level 5 of the Dungeon.
You worshipped Okawaru.
Okawaru was noncommittal.
You were not hungry.

You visited 1 branch of the dungeon, and saw 5 of its levels.

You collected 253 gold pieces.

Inventory:

Hand Weapons
 a - a +0 war axe (weapon)
 e - a cursed -1 dagger
Missiles
 u - 3 javelins (quivered)
Armour
 b - a +0 robe (worn)
 c - a +0 shield (worn)
 i - a +0 cloak (worn)
Jewellery
 j - an uncursed ring of poison resistance {unknown}
 y - a +3 ring of slaying {unknown}
 C - a cursed -3 ring of dexterity {unknown}
Scrolls
 h - 2 scrolls of amnesia {unknown}
 l - 2 scrolls of identify {unknown}
 m - 4 scrolls of fear {unknown}
 o - a scroll of magic mapping {unknown}
 p - 6 scrolls of remove curse {unknown}
 q - a scroll of immolation {unknown}
 r - a scroll of fog {unknown}
 t - a scroll of teleportation {unknown}
 x - 3 scrolls of random uselessness {unknown}
 A - a scroll of blinking {unknown}
Potions
 g - a potion of haste {unknown}
 k - 3 potions of curing
 n - a potion of berserk rage {unknown}
 s - 2 potions of cancellation {unknown}
 v - a potion of invisibility {unknown}
 w - a potion of mutation {unknown}
 z - a potion of flight {unknown}
 B - a potion of lignification {unknown}
 E - a potion of agility {unknown}
Comestibles
 f - 9 rations
 D - a chunk of flesh


   Skills:
 + Level 6.5(5.4) Fighting
 + Level 4.3(3.2) Axes
 - Level 2.6(1.6) Dodging
 + Level 4.4(3.3) Shields


You had 5 spell levels left.
You didn't know any spells.
Your spell library contained the following spells:

 Spells                   Type           Power        Failure   Level  Hunger
 Magic Dart               Conj           #...         80%         1    ##.....
 Searing Ray              Conj           #.....       90%         2    ###....
 Dazzling Spray           Conj/Hex       #.....       99%         3    ####...
 Force Lance              Conj/Tloc      #.......     100%        4    #####..
 Fulminant Prism          Conj/Hex       #.........   100%        4    #####..
 Iskenderun's Mystic Bla  Conj           #.......     100%        4    #####..


Dungeon Overview and Level Annotations

Branches:
Dungeon (5/15)             Temple (0/1) D:4

Altars:
Cheibriados
Dithmenos
Gozag
Hepliaklqana
Okawaru
Qazlal
Trog
Vehumet

Annotations:
D:5 1 runed door


Innate Abilities, Weirdness & Mutations

You are too large for most types of armour.
You have tough skin. (AC +1)


Message History

You miss the killer bee.
The killer bee is heavily wounded.
* * * LOW HITPOINT WARNING * * *
You feel sick. The killer bee stings you.
* * * LOW HITPOINT WARNING * * *
The killer bee stings you.
* * * LOW HITPOINT WARNING * * *
The killer bee stings you but does no damage.
It was a potion of curing.
You feel better. The killer bee closely misses you.
The killer bee completely misses you.
You feel very mighty all of a sudden. You block the killer bee's attack.
The killer bee stings you.
* * * LOW HITPOINT WARNING * * *
You miss the killer bee.
The killer bee is heavily wounded.
The killer bee stings you.
* * * LOW HITPOINT WARNING * * *
You are poisoned.
The killer bee poisons you! The killer bee stings you!
You die...

#...#....##.#....########.#.
#
###....##.#............<#.#
.........................
.........########'#######
..........#...............
#####.....#...............
...###.#....#######.... ##..
#.#....#saba.# ... +..
#.#...@ysaaa.+ .. #
#.#....#ssaab# . #....#
##### #..... #..... #######


You could see 7 worker ants, a killer bee and 4 giant cockroaches.

Vanquished Creatures
  A crimson imp (D:3)
  A bullfrog skeleton (D:4)
  A jelly (D:5)
  A hound (D:4)
  An orc wizard (D:4)
  Terence (D:3)
  Jessica (D:3)
  An iguana (D:4)
  3 worker ants (D:4)
  A howler monkey skeleton (D:4)
  An adder (D:2)
  2 oozes
  5 worms
  A dart slug (D:3)
  A leopard gecko (D:3)
  2 orcs (D:4)
  A ball python (D:2)
  5 bats
  4 giant cockroaches
  8 goblins
  6 hobgoblins
  4 quokkas
  3 frilled lizards
  6 kobolds
  12 rats
73 creatures vanquished.

Notes
Turn   | Place    | Note
-------+----------+-------------------------------------------
     0 | D:1      | mandick the Ogre Fighter began the quest for the Orb.
     0 | D:1      | Reached XP level 1. HP: 24/24 MP: 1/1
   193 | D:1      | Reached XP level 2. HP: 25/32 MP: 2/2
   831 | D:2      | Reached XP level 3. HP: 38/40 MP: 3/3
  1293 | D:2      | Found a faded altar of an unknown god.
  1513 | D:3      | Reached XP level 4. HP: 39/49 MP: 4/4
  1671 | D:3      | Noticed Jessica
  1673 | D:3      | Killed Jessica
  1673 | D:3      | Reached skill level 5 in Fighting
  1759 | D:3      | Noticed Terence
  1761 | D:3      | Found a shadowy altar of Dithmenos.
  1773 | D:3      | Killed Terence
  1773 | D:3      | Reached XP level 5. HP: 9/57 MP: 5/5
  2760 | D:3      | Found a snail-covered altar of Cheibriados.
  3057 | D:4      | Found a hazy altar of Hepliaklqana.
  3066 | D:4      | Found an opulent altar of Gozag.
  3066 | D:4      | Found a radiant altar of Vehumet.
  3066 | D:4      | Found a bloodstained altar of Trog.
  3070 | D:4      | Found a stormy altar of Qazlal.
  3070 | D:4      | Found an iron altar of Okawaru.
  3097 | D:4      | Became a worshipper of Warmaster Okawaru
  3112 | D:4      | Reached XP level 6. HP: 63/67 MP: 6/6
  3119 | D:4      | Reached skill level 6 in Fighting
  3815 | D:4      | Found a staircase to the Ecumenical Temple.
  4391 | D:5      | Entered Level 5 of the Dungeon
  4454 | D:5      | Found a runed door.
  4457 | D:5      | Found a runed door.
  4468 | D:5      | Slain by a killer bee

Vault maps used:
D:1:      dpeg_chamrin_arrival_tetris, minmay_misc_feat_alley, minmay_circled_x
D:2:      minmay_door_path, chequers_ecumenical_altar_island, first_ration,
          minmay_pentomino_w2
D:3:      lemuel_round_altar, kennysheep_slug_shrine, uniq_jessica, uniq_terence
D:4:      lemuel_round_altar, grunt_temple_overflow_open,
          minmay_temple_entry_statues_fountains
D:5:      lemuel_insect_pit, kennysheep_mini, fedhas_altar_1

Skill      XL: |  1  2  3  4  5  6 |
---------------+-------------------+-----
Shields        | 3 4 |  4.4
Fighting       | 5 6 |  6.5
Axes           | 3 4 |  4.3
Dodging        | |  2.6

Action                   |  1- 3 |  4- 6 || total
-------------------------+-------+-------++-------
Melee: War axe           |   137 |   160 ||   297
  Use: Potion            |       |     2 ||     2
  Eat: Chunk             |     2 |    10 ||    12
Armor: Robe              |    57 |    45 ||   102
Dodge: Dodged            |    47 |    47 ||    94
Block: Shield            |    52 |    69 ||   121

Table legend:
 A = Non-vault XP
 B = Vault XP
 C = Vault XP percentage of total XP
 D = Non-vault monster count
 E = Vault monster count
 F = Vault count percentage of total count
                 A         B        C        D         E       F
            +---------+---------+-------+---------+---------+-------
      Total |     486 |      97 |  16.6 |      61 |      12 |  16.4
            +---------+---------+-------+---------+---------+-------
        D:1 |      15 |       7 |  31.8 |      10 |       4 |  28.6
        D:2 |      46 |      11 |  19.3 |      19 |       5 |  20.8
        D:3 |      84 |      79 |  48.5 |      16 |       3 |  15.8
        D:4 |     287 |       0 |   0.0 |      12 |       0 |   0.0
        D:5 |      54 |       0 |   0.0 |       4 |       0 |   0.0
            +---------+---------+-------+---------+---------+-------
